 Dungeon Crawl Stone Soup version 0.26.1-2-gb8aa6d0cf2 (webtiles) character file.

Game seed: 3211163428493520824

494705 generaletaddeo the Eclecticist (level 23, -10/92 HPs)
             Began as a Deep Elf Summoner on Mar 15, 2021.
             Was the Champion of Sif Muna.
             Mangled by a large abomination (19 damage)
             ... on level 3 of the Abyss on Mar 21, 2021.
             The game lasted 17:19:44 (92357 turns).

generaletaddeo the Eclecticist (Deep Elf Summoner) Turns: 92357, Time: 17:19:44

Health: -10/92     AC: 12    Str:  5 (6)  XL:     23   Next: 94%
Magic:  0/53       EV: 15    Int: 26 (27) God:    Sif Muna [******]
Gold:   1315       SH:  0    Dex: 13      Spells: 2/62 levels left

rFire    + + +     SeeInvis .   j - +8 arc blade {discharge, rElec}
rCold    . . .     Faith    .   (no shield)
rNeg     + . .     Spirit   +   S - quicksilver dragon scales
rPois    .         Reflect  .   B - +2 helmet
rElec    +         Harm     .   w - +2 cloak
rCorr    .         Rampage  .   K - -2 pair of gloves of the Bells {rF+ Str+3} (curse)
Will     +++..     Rnd*Rage +   s - +2 pair of boots Stlth ++++......Rnd*Tele +
                                t - amulet of guardian spirit
HPRegen  0.00/turn              d - ring "Coroxtih" {rF++ rN+ Stlth+}
MPRegen  0.33/turn              p - ring "Geseufecw" {Wiz MP+9 Str+2}

@: confused, about to teleport, berserk cooldown, very slightly contaminated,
invisible
A: thin skeletal structure 1, [berserk 3], blink, [blurry vision 3], clumsy 2,
[deformed body], [deterioration 2], [dopey 2], [frail 3], high mp 1, [low mp 2],
[screaming 3], [inhibited regeneration], [teleportitis 2], [weak 2], [no potion
heal 2], [subdued magic 3]
}: 2/15 runes: decaying, serpentine
a: Blink, Renounce Religion, Channel Magic, Forget Spell, Divine Exegesis


You were on level 3 of the Abyss.
You worshipped Sif Muna.
Sif Muna was exalted by your worship.
You visited 9 branches of the dungeon, and saw 44 of its levels.
You visited the Abyss 2 times.
You also visited: Ice Cave.

You collected 6268 gold pieces.
You spent 4953 gold pieces at shops.

Inventory:

Hand Weapons
 i - the +1 dagger of the Four Lies {flame, rC+}
   (You found it on level 1 of the Lair of Beasts)

   It has been specially enchanted to burn those struck by it, causing extra
   injury to most foes and up to half again as much damage against particularly
   susceptible opponents.
   It protects you from cold.
 j - the +8 arc blade (weapon) {discharge, rElec}
   (You found it on level 14 of the Dungeon)

   It insulates you from electricity.
 l - the +8 dagger "Ulo Lyeg" {vorpal, +Blink}
   (You found it on level 3 of the Swamp)

   It inflicts extra damage upon your enemies.
   It lets you blink.
 r - the +8 longbow "Zephyr" {speed, Dex+3 SInv}
   (You found it on level 2 of the Depths)

   Attacks with this weapon are significantly faster.
   It affects your dexterity (+3).
   It lets you see invisible.
 Y - the +6 whip of Vemue {vorpal, rElec rPois Will+ Dex-4}
   (You found it on level 13 of the Dungeon)

   It inflicts extra damage upon your enemies.
   It affects your dexterity (-4).
   It insulates you from electricity.
   It protects you from poison.
   It affects your willpower, your defense against some magical effects.
Missiles
 m - 40 curare-tipped darts (quivered)
 J - 330 arrows
Armour
 s - a +2 pair of boots (worn)
 w - a +2 cloak (worn)
 B - a +2 helmet (worn)
 K - the cursed -2 pair of gloves of the Bells (worn) {rF+ Str+3}
   (You found it on level 4 of the Depths)

   It affects your strength (+3).
   It protects you from fire.
   It has a curse placed upon it.
 S - quicksilver dragon scales (worn)
Jewellery
 c - the ring of Noudol {rN+ Str+3 Int+4}
   (You took it off a rakshasa on level 4 of the Depths)

   [ring of positive energy]

   It affects your strength (+3).
   It affects your intelligence (+4).
   It protects you from negative energy.
 d - the ring "Coroxtih" (left hand) {rF++ rN+ Stlth+}
   (You acquired it on level 10 of the Dungeon)

   [ring of positive energy]

   It greatly protects you from fire.
   It protects you from negative energy.
   It makes you more stealthy.
 f - an uncursed ring of willpower
 k - an uncursed ring of protection from cold
 p - the ring "Geseufecw" (right hand) {Wiz MP+9 Str+2}
   (You took it off a boggart on level 1 of the Vaults)

   [ring of wizardry]

   It improves your spell success rate.
   It affects your strength (+2).
   It affects your magic capacity (+9).
 t - an amulet of guardian spirit (around neck)
 A - the ring "Qetof" {Str+6 Int+3}
   (You bought it in a shop on level 3 of the Elven Halls)

   [ring of strength]

   It affects your strength (+6).
   It affects your intelligence (+3).
 F - an uncursed ring of see invisible
 H - an uncursed ring of fire
 V - a +4 ring of slaying
Wands
 x - a wand of paralysis (13)
 y - a wand of acid (32)
 M - a wand of disintegration (53)
 T - a wand of iceblast (28)
 U - a wand of digging (3)
Scrolls
 u - 14 scrolls of teleportation
 z - 13 scrolls of fog
 C - 24 scrolls of remove curse
 D - a scroll of silence
 G - 9 scrolls of fear
 I - 7 scrolls of blinking
 L - 8 scrolls of identify
 N - 3 scrolls of summoning
 P - 8 scrolls of magic mapping
Potions
 a - 5 potions of brilliance
 e - 7 potions of heal wounds
 g - a potion of resistance
 h - 10 potions of might
 n - 10 potions of curing
 o - 7 potions of haste
 q - 2 potions of cancellation
 Q - 8 potions of flight
 R - 5 potions of mutation
 W - 3 potions of ambrosia
 Z - 2 potions of magic
Miscellaneous
 b - a lightning rod (4/4)
 v - a condenser vane
 O - a phial of floods
 X - a phantom mirror


   Skills:
 - Level 10.0 Fighting
 - Level 12.0 Short Blades
 + Level 17.5 Bows
 - Level 15.0 Dodging
 - Level 15.0 Stealth
 - Level 4.0 Shields
 - Level 20.0 Spellcasting
 - Level 15.0 Hexes
 - Level 15.0 Summonings
 - Level 12.0 Necromancy
 - Level 15.0 Translocations
 - Level 6.0 Ice Magic
 - Level 5.0 Air Magic
 - Level 10.0 Earth Magic
 - Level 12.0 Invocations
 - Level 12.0 Evocations


You had 2 spell levels left.
You knew the following spells:

 Your Spells              Type           Power        Failure   Level
a - Haunt                 Necr/Summ      25%          6%          7
b - Malign Gateway        Summ/Tloc      26%          3%          7
c - Shadow Creatures      Summ           N/A          1%          6
d - Dispersal             Tloc           26%          1%          6
e - Passwall              Tmut/Erth      22%          1%          2
f - Summon Lightning Spi  Summ/Air       41%          1%          4
g - Slow                  Hex            53%          0%          2
h - Animate Skeleton      Necr           92%          0%          1
i - Invisibility          Hex            53%          1%          6
j - Ozocubu's Armour      Ice            30%          1%          3
k - Borgnjor's Vile Clut  Necr/Erth      21%          1%          5
l - Apportation           Tloc           100%         0%          1
m - Summon Forest         Summ/Tloc      26%          1%          5
n - Portal Projectile     Hex/Tloc       100%         0%          3
o - Swiftness             Air            27%          1%          2

Your spell library contained the following spells:

 Spells                   Type           Power        Failure   Level
 Corona                   Hex            58%          0%          1
 Pain                     Necr           100%         0%          1
 Sandblast                Erth           82%          0%          1
 Summon Small Mammal      Summ           100%         0%          1
 Blink                    Tloc           N/A          0%          2
 Call Imp                 Summ           53%          0%          2
 Ensorcelled Hibernation  Hex/Ice        84%          0%          2
 Sublimation of Blood     Necr           23%          0%          2
 Beastly Appendage        Tmut           26%          1%          1
 Foxfire                  Conj/Fire      52%          1%          1
 Freeze                   Ice            100%         1%          1
 Magic Dart               Conj           52%          1%          1
 Shock                    Conj/Air       80%          1%          1
 Sting                    Tmut/Pois      52%          1%          1
 Corpse Rot               Necr/Air       N/A          1%          2
 Poisonous Vapours        Pois/Air       40%          1%          2
 Searing Ray              Conj           26%          2%          2
 Wereblood                Tmut           13%          2%          2
 Call Canine Familiar     Summ           53%          0%          3
 Confusing Touch          Hex            53%          0%          3
 Gell's Gravitas          Tloc           26%          0%          3
 Lesser Beckoning         Tloc           26%          0%          3
 Summon Guardian Golem    Hex/Summ       53%          0%          3
 Teleport Other           Tloc           53%          0%          3
 Tukima's Dance           Hex            53%          0%          3
 Vampiric Draining        Necr           23%          0%          3
 Cause Fear               Hex            26%          0%          4
 Passage of Golubria      Tloc           N/A          0%          4
 Dazzling Flash           Conj/Hex       68%          1%          3
 Frozen Ramparts          Ice            60%          1%          3
 Inner Flame              Hex/Fire       34%          1%          3
 Static Discharge         Conj/Air       20%          1%          3
 Stone Arrow              Conj/Erth      54%          1%          3
 Airstrike                Air            13%          1%          4
 Animate Dead             Necr           23%          1%          4
 Dispel Undead            Necr           46%          1%          4
 Fulminant Prism          Conj/Hex       17%          1%          4
 Iskenderun's Mystic Bla  Conj/Tloc      34%          1%          4
 Leda's Liquefaction      Hex/Erth       23%          1%          4
 Petrify                  Tmut/Erth      27%          1%          4
 Summon Ice Beast         Ice/Summ       42%          1%          4
 Agony                    Necr           46%          1%          5
 Excruciating Wounds      Necr           23%          1%          5
 Lee's Rapid Deconstruct  Erth           20%          1%          5
 Metabolic Englaciation   Hex/Ice        21%          1%          5
 Silence                  Hex/Air        20%          1%          5
 Summon Demon             Summ           26%          1%          5
 Summon Mana Viper        Hex/Summ       53%          1%          5
 Yara's Violent Unravell  Hex/Tmut       17%          1%          5
 Death Channel            Necr           23%          1%          6
 Mephitic Cloud           Conj/Pois/Air  18%          2%          3
 Monstrous Menagerie      Summ           26%          3%          7
 Summon Greater Demon     Summ           26%          3%          7
 Summon Hydra             Summ           26%          3%          7
 Hailstorm                Conj/Ice       21%          5%          4
 Ice Form                 Ice/Tmut       21%          5%          4
 Conjure Flame            Conj/Fire      13%          6%          3
 Ignite Poison            Fire/Tmut/Pois 13%          6%          3
 Spider Form              Tmut/Pois      6%           6%          3
 Simulacrum               Ice/Necr       19%          8%          6
 Bolt of Magma            Conj/Fire/Erth 11%          16%         5
 Olgreb's Toxic Radiance  Pois           13%          21%         4
 Sticky Flame             Conj/Fire      13%          21%         4
 Lightning Bolt           Conj/Air       10%          21%         5
 Ozocubu's Refrigeration  Ice            15%          28%         6
 Discord                  Hex            26%          30%         8
 Disjunction              Tloc           26%          30%         8
 Summon Horrible Things   Summ           26%          30%         8
 Iron Shot                Conj/Erth      13%          38%         6
 Statue Form              Tmut/Erth      18%          38%         6
 Alistair's Intoxication  Tmut/Pois      8%           52%         5
 Blade Hands              Tmut           6%           52%         5
 Fireball                 Conj/Fire      6%           52%         5
 Irradiate                Conj/Tmut      6%           52%         5
 Iskenderun's Battlesphe  Conj           13%          52%         5
 Freezing Cloud           Conj/Ice/Air   11%          58%         6
 Spellforged Servitor     Conj/Summ      17%          65%         7
 Borgnjor's Revivificati  Necr           23%          71%         8
 Infestation              Necr           23%          71%         8
 Conjure Ball Lightning   Conj/Air       10%          77%         6
 Eringya's Noxious Bog    Tmut/Pois      6%           98%         6
 Hydra Form               Tmut           6%           98%         6
 Starburst                Conj/Fire      6%           98%         6
 Dragon's Call            Summ           26%          99%         9
 Dragon Form              Tmut           6%           100%        7
 Orb of Destruction       Conj           6%           100%        7
 Chain Lightning          Conj/Air       10%          100%        8
 Ignition                 Fire           6%           100%        8
 Lehudib's Crystal Spear  Conj/Erth      13%          100%        8
 Necromutation            Tmut/Necr      15%          100%        8
 Absolute Zero            Ice            15%          100%        9
 Death's Door             Necr           23%          100%        9
 Fire Storm               Conj/Fire      6%           100%        9
 Shatter                  Erth           20%          100%        9
 Tornado                  Air            13%          100%        9


Dungeon Overview and Level Annotations

Branches:
Dungeon (15/15)            Temple (1/1) D:4            Lair (6/6) D:10
  Swamp (4/4) Lair:2        Snake (4/4) Lair:3        Slime (0/5) Lair:5
    Orc (2/2) D:10            Elf (3/3) Orc:2        Vaults (4/5) D:13
  Crypt (0/3) Vaults:2     Depths (5/5) D:15            Zot (0/5) Depths:5
  IceCv (visited)

Altars:
Ashenzari
Cheibriados
Dithmenos
Elyvilon
Fedhas
Gozag
Hepliaklqana
Kikubaaqudgha
Makhleb
Nemelex Xobeh
Okawaru
Qazlal
Ru
Sif Muna
Trog
Uskayaw
Vehumet
Wu Jian
Xom
Yredelemnul
Zin
The Shining One
Jiyva

Shops:
D:14 !   Orc:2 }:*?   Elf:2 ?   Elf:3 [*[*[(?   Snake:1 ?=?[*   Snake:3 !([:
Vaults:1 =   Vaults:4 *   Depths:3 }*}:[   Depths:5 =}}

Portals:
Hell: Depths:1 Depths:2 Depths:3 Depths:4 Depths:5
Abyss: Depths:1 Depths:4
Pandemonium: Depths:3
Ziggurat: Depths:5
Trove: Vaults:1 (show abyssal rune of Zot)

Annotations:
Snake:1 1 runed translucent door, Ubuc's ghost, adept GrAK


Innate Abilities, Weirdness & Mutations

You have a somewhat thin skeletal structure. (Dex +2, Stealth)
You can translocate small distances at will.
You are very clumsy. (Dex -4)
You have an increased reservoir of magic. (+10% MP)
[You have an uncontrollable temper.]
[Scrolls take you much longer to read.]
[Armour fits poorly on your strangely shaped body.]
[Your body often deteriorates upon taking damage.]
[You are very dopey. (Int -4)]
[You are extremely frail. (-30% HP)]
[Your magical capacity is very low. (-20% MP)]
[You frequently scream uncontrollably at your foes.]
[You do not regenerate when monsters are visible.]
[You are sometimes teleported next to monsters.]
[You are very weak. (Str -4)]
[Potions are poor at restoring your health.]
[Your spells are much easier to cast, but much less powerful.]


Message History

Unknown command.
Unknown command.
Unknown command.
Your system partially rejects the healing.
You feel much better. The large abomination hits you!
* * * LOW HITPOINT WARNING * * *
Unknown command.
You are confused.
Your system partially rejects the healing.
You feel invigorated.
You feel yourself speed up.
The large abomination barely misses you.
A spatial vortex comes into view.
The large abomination barely misses you.
The wretched star pulses with an eldritch light!
You feel stupid. x2
The spatial vortex moves out of view.
Unknown command.
The large abomination hits you!!
You die...

#.▒#
##.▒#.
.vv░..#
## ..#.
. ▒.h #
. #
v*▒▒#h.
# #D#X#
##X##
▒W.▓@▒
▒..3#▒░
░.▒.# #
.. .▒
.. ..#


You could see a bone dragon, a wretched star, 3 spatial vortices, a large
abomination and a raiju.

Vanquished Creatures
  Frederick (Depths:5)
  the Lernaean hydra (Swamp:4)
  3 caustic shrikes
  3 golden dragons (Depths:2)
  2 liches
  4 bone dragons
  Jorgrun (Elf:1)
  A deep elf blademaster (Elf:2)
  3 sphinxes
  Frances (Snake:1)
  3 storm dragons
  3 tentacled starspawn
  A shadow dragon (Depths:5)
  A draconian monk (Depths:5)
  3 nagarajas (Snake:4)
  A tengu reaver (Vaults:3)
  4 fire giants
  6 frost giants
  An orc warlord (Orc:2)
  The ghost of Mesuenwa the Eclecticist, an adept DEWz of Sif Muna (Snake:4)
  4 vault wardens
  A balrug (Abyss:1)
  Aizul (Snake:1)
  A draconian shifter (Depths:5)
  4 ironheart preservers
  15 very ugly things
  2 spriggan defenders
  2 green draconians (Depths:5)
  2 vampire knights
  A deep elf demonologist (Depths:4)
  16 stone giants
  A deep elf annihilator (Depths:4)
  A white draconian (Depths:5)
  A yellow draconian (Depths:5)
  4 bunyips
  A spark wasp (Depths:3)
  6 ettins
  A merfolk javelineer (Depths:4)
  2 entropy weavers (Vaults:3)
  A crystal guardian (Vaults:3)
  3 eleionomae
  2 deep elf death magi (Vaults:4)
  A deep elf high priest (Depths:3)
  A shambling mangrove (Swamp:4)
  8 yaktaur captains
  8 fire dragons
  8 great orbs of eyes
  4 vault guards (Vaults:3)
  5 ice dragons
  12 hydras
  A ghost crab (Swamp:4)
  4 rakshasas
  9 boulder beetles
  2 spriggan air magi
  6 naga warriors (Snake:4)
  24 dancing weapons
  14 centaur warriors
  5 alligators
  6 anacondas
  10 ogre magi
  22 two-headed ogres
  4 deep troll shamans
  A hell hog (Abyss:3)
  8 naga sharpshooters
  A death knight (D:15)
  An orc high priest (Abyss:1)
  6 death yaks
  5 shock serpents
  9 tengu warriors
  4 thrashing horrors
  2 spriggan berserkers
  A deep troll earth mage (Depths:2)
  19 deep elf knights
  A sun demon (Abyss:4)
  An iron troll (Orc:2)
  3 sixfirhies
  3 wretched stars
  2 spark wasp zombies (Depths:1)
  4 skeletal warriors (Vaults:2)
  A storm dragon skeleton (Vaults:2)
  2 shadow wraiths (Vaults:2)
  2 spatial maelstroms (Abyss:3)
  4 salamander mystics
  5 goliath frogs
  A hell knight (Depths:1)
  6 wizards
  3 flayed ghosts
  5 unseen horrors
  9 deep trolls
  2 spriggan druids
  3 glowing orange brains
  6 naga ritualists
  11 ironbrand convokers
  6 swamp dragons
  15 deep elf archers
  2 necromancers
  2 wolf spider zombies (D:14)
  9 orc knights
  15 large abominations
  4 harpies (Vaults:3)
  44 ugly things
  3 manticores
  6 mana vipers
  A cyclops (shapeshifter) (Depths:4)
  4 wolf spiders
  A stone giant zombie (Vaults:2)
  32 deep elf magi
  5 orc sorcerers
  2 worldbinders
  3 will-o-the-wisps
  9 salamanders
  8 cyclopes
  A centaur zombie (D:12)
  5 elephants
  2 guardian serpents (Snake:4)
  A nameless horror (Depths:2)
  24 black mambas
  An apocalypse crab (Abyss:4)
  A rust devil (Abyss:1)
  5 naga magi
  5 smoke demons
  2 black mambas (shapeshifter)
  3 cane toads
  2 gargoyles
  6 vault sentinels
  2 cane toads (shapeshifter)
  A stone giant skeleton (Abyss:3)
  2 rime drakes
  A storm dragon simulacrum (Abyss:3)
  2 torpor snails (Lair:2)
  A rime drake (shapeshifter) (Vaults:2)
  3 komodo dragons
  A komodo dragon (shapeshifter) (Vaults:3)
  3 freezing wraiths
  3 efreet
  A kobold demonologist (D:15)
  An ancient zyme (Abyss:1)
  25 yaktaurs
  3 hellwings
  2 red devils
  2 bloated husks (Swamp:3)
  A queen bee (Depths:4)
  2 meliai (D:15)
  A tengu simulacrum (Vaults:2)
  4 polar bears
  4 jumping spiders (shapeshifter)
  13 hornets
  8 trolls
  2 tyrant leeches
  A wolf spider simulacrum (D:15)
  10 small abominations
  A dream sheep (D:9)
  17 slime creatures
  A hornet (shapeshifter) (Abyss:2)
  2 human simulacra (Vaults:2)
  A spriggan zombie (Depths:1)
  2 meliai zombies
  11 raiju
  5 flying skulls
  2 redbacks (Vaults:3)
  A centaur simulacrum (D:15)
  5 water elementals
  3 shadows
  4 ynoxinuls
  A tarantella (Vaults:3)
  4 wraiths
  A hog (Lair:4)
  16 yaks
  2 fire bats (Abyss:1)
  11 spriggans
  9 wyverns
  3 fire elementals
  2 basilisks
  A steam dragon (D:13)
  A yak (shapeshifter) (Depths:3)
  2 golden eyes (shapeshifter)
  A hog (shapeshifter) (Vaults:2)
  A neqoxec (Abyss:3)
  2 chaos spawn (Abyss:3)
  A warg (shapeshifter) (Depths:4)
  2 vampire mosquitoes
  4 wargs
  32 nagas
  7 swamp worms
  A swamp worm (shapeshifter) (Depths:1)
  An acid dragon (Vaults:1)
  4 water moccasins
  A floating eye (Depths:3)
  7 black bears
  13 orc warriors
  20 ice beasts
  3 sky beasts
  2 phantoms
  4 swamp drakes (Swamp:4)
  10 wolves
  10 boggarts
  13 ogres
  13 centaurs
  10 bullfrogs
  A glowing shapeshifter simulacrum (Vaults:4)
  4 earth elementals
  A human skeleton (Vaults:2)
  A hornet simulacrum (Vaults:1)
  2 scorpions
  20 killer bees
  A howler monkey (D:10)
  3 wights
  3 electric eels
  16 starcursed masses
  A quasit (Abyss:3)
  4 hounds
  6 orc priests
  9 orc wizards
  2 centaur skeletons
  2 iguanas
  A hell rat (Lair:2)
  7 worker ants
  A howler monkey zombie (D:11)
  5 gnolls
  3 adders
  A white imp (Vaults:4)
  4 ufetubi
  2 worms
  A dart slug (D:1)
  3 leopard geckos
  39 orcs
  2 ball pythons (D:4)
  5 giant cockroaches
  3 goblins
  3 hobgoblins
  7 jackals
  2 quokkas
  9 bats
  2 frilled lizards (D:4)
  6 kobolds
  A kobold simulacrum (Abyss:3)
  8 rats
1190 creatures vanquished.

Vanquished Creatures (collateral kills)
  A juggernaut (Depths:4)
  Margery (Depths:1)
  3 caustic shrikes
  Nikola (Snake:3)
  2 golden dragons
  A profane servitor (Abyss:3)
  3 bone dragons
  3 liches
  A tentacled monstrosity (Abyss:1)
  Asterion (Snake:3)
  A quicksilver dragon (Depths:2)
  3 titans
  3 tentacled starspawn
  An eldritch tentacle (Depths:4)
  2 sphinxes (Depths:4)
  Kirke (Lair:4)
  A thorn hunter (Swamp:4)
  Agnes (Snake:1)
  3 shadow dragons
  2 tengu reavers
  2 storm dragons (Depths:4)
  Roxanne (Snake:3)
  2 nagarajas (Snake:4)
  2 fire giants
  An orc warlord (Orc:2)
  6 frost giants
  The ghost of TuffENuff the Formicid Cataclysm, a journeyman FoFi of Qazlal (D:15)
  4 iron dragons (Depths:4)
  9 vault wardens
  4 spriggan defenders
  A balrug (Abyss:3)
  A deep elf elementalist (Depths:4)
  A draconian shifter (Depths:5)
  3 ironheart preservers
  9 stone giants
  19 very ugly things
  2 green draconians (Depths:5)
  2 vampire knights
  An entropy weaver (shapeshifter) (Vaults:3)
  2 deep elf annihilators
  A dire elephant (Abyss:4)
  4 bunyips
  2 ettins
  A spark wasp (Depths:5)
  2 eleionomae
  A green death (Depths:3)
  Snorg (D:11)
  A merfolk javelineer (Depths:4)
  Josephine (D:12)
  7 fire dragons
  A deep elf high priest (Depths:3)
  5 ice dragons
  3 yaktaur captains
  A great orb of eyes (Depths:2)
  A vault guard (Vaults:1)
  6 naga warriors
  8 rakshasas
  Harold (D:7)
  A catoblepas (Lair:6)
  11 hydras
  7 spriggan air magi
  2 anacondas (Snake:4)
  A boulder beetle (D:13)
  8 ogre magi
  3 centaur warriors
  A dancing weapon (Elf:2)
  3 deep troll shamans
  31 two-headed ogres
  6 death yaks
  2 tengu warriors
  8 naga sharpshooters
  A spriggan berserker (Depths:5)
  8 deep troll earth magi
  Nergalle (Lair:1)
  2 shock serpents
  6 wretched stars
  2 iron trolls
  3 deep elf knights
  4 hell knights (Depths:1)
  3 skeletal warriors (Vaults:2)
  3 sixfirhies
  2 spriggan druids (Swamp:4)
  A goliath frog (Swamp:1)
  3 unseen horrors
  A wizard (D:14)
  A lindwurm (Lair:6)
  An unseen horror (shapeshifter) (D:15)
  22 deep trolls
  4 swamp dragons
  5 bog bodies
  2 phantasmal warriors
  4 naga ritualists
  5 harpies (Vaults:3)
  5 deep elf archers
  4 mana vipers
  4 orc knights
  5 ironbrand convokers
  7 deep elf magi
  29 ugly things
  A wolf spider (D:11)
  3 cyclopes
  4 orc sorcerers
  3 salamanders
  2 will-o-the-wisps
  11 elephants
  8 guardian serpents
  11 black mambas
  4 vault sentinels
  A smoke demon (Abyss:3)
  Psyche (D:8)
  A centaur zombie (D:14)
  6 gargoyles
  8 cane toads
  An ice statue (IceCv)
  7 naga magi
  3 rime drakes
  A hellion (Abyss:3)
  3 torpor snails (Lair:2)
  2 centaur skeletons
  3 kobold demonologists
  A rime drake (shapeshifter) (D:13)
  7 freezing wraiths
  2 ancient zymes
  31 yaktaurs
  2 komodo dragons
  A hellwing (Abyss:4)
  9 trolls
  A meliai (D:15)
  2 red devils
  A jumping spider (shapeshifter) (Depths:1)
  3 tyrant leeches
  2 bloated husks (Swamp:3)
  4 raiju
  A shadow dragon simulacrum (Depths:1)
  3 polar bears
  16 hornets
  A large abomination (Abyss:3)
  12 slime creatures
  A ynoxinul (Depths:3)
  An air elemental (Elf:1)
  A flying skull (Abyss:4)
  3 shadows
  4 hogs (Lair:4)
  3 wraiths
  15 spriggans
  5 wyverns
  6 water elementals
  A spriggan (shapeshifter) (Depths:2)
  36 yaks
  A fire bat (Abyss:1)
  A steam dragon (D:9)
  A neqoxec (Abyss:4)
  12 vampire mosquitoes
  3 basilisks
  2 chaos spawn
  2 wargs
  A spatial vortex (Abyss:3)
  21 nagas
  3 swamp worms
  6 water moccasins
  4 hell hounds (Abyss:4)
  A floating eye (Depths:3)
  A swamp drake (Swamp:4)
  3 black bears
  A floating eye (shapeshifter) (Depths:1)
  22 orc warriors
  5 ice beasts
  3 phantoms
  3 eyes of draining
  5 boggarts
  33 ogres
  30 wolves
  14 centaurs
  3 nameless horrors
  21 bullfrogs
  4 big kobolds
  A wyvern zombie (D:12)
  An earth elemental (Elf:2)
  2 small abominations (Abyss:3)
  A water moccasin skeleton (D:4)
  2 wyvern skeletons
  A scorpion (D:12)
  11 killer bees
  3 wights (D:11)
  3 electric eels
  6 jellies
  5 howler monkeys
  A bullfrog zombie (D:8)
  A quasit (D:7)
  3 starcursed masses
  4 hounds
  14 orc priests
  24 orc wizards
  2 iguanas
  2 bullfrog skeletons
  Ijyb (D:5)
  11 hell rats
  A worker ant (D:7)
  2 hound skeletons
  9 adders
  7 gnolls
  A howler monkey skeleton (D:6)
  A white imp (D:7)
  An ooze (D:3)
  A worm (D:2)
  An adder skeleton (D:4)
  2 dart slugs
  2 leopard geckos (D:7)
  74 orcs
  6 ball pythons
  2 giant cockroaches
  5 goblins
  5 hobgoblins
  7 jackals
  2 quokkas
  4 bats
  2 frilled lizards
  16 kobolds
  A leopard gecko skeleton (D:4)
  A leopard gecko zombie (D:6)
  3 rats
  2 starspawn tentacles (Abyss:4)
1099 creatures vanquished.

Vanquished Creatures (others)
  A bone dragon (Abyss:4)
  71 eldritch tentacles
  A bunyip (Swamp:3)
  A deep troll shaman (Depths:4)
  A vault sentinel (Vaults:3)
  An ice statue (IceCv)
  A centaur skeleton (D:11)
  A hellwing (Abyss:4)
  2 hornets
  A spriggan (Swamp:4)
  A ynoxinul (Abyss:3)
  2 yaks
  A hornet zombie (D:9)
  A swamp drake (Swamp:3)
  A boggart (Depths:2)
  A centaur (D:14)
  An orc priest (Vaults:2)
  An orc wizard (Orc:2)
  A kobold (D:12)
  2 bushes (Abyss:3)
  32 foxfires
  39 fungi
  A lurking horror (Abyss:2)
  120 plants
  3 snaplasher vines
  17 starspawn tentacles
305 creatures vanquished.

Grand Total: 2594 creatures vanquished

Notes
Turn   | Place    | Note
-------+----------+-------------------------------------------
     0 | D:1      | generaletaddeo the Deep Elf Summoner began the quest for
                  | the Orb.
     0 | D:1      | Reached XP level 1. HP: 10/10 MP: 6/6
   770 | D:1      | Reached XP level 2. HP: 15/15 MP: 5/8
   812 | D:1      | Reached skill level 5 in Summonings
   816 | D:1      | Learned a level 2 spell: Call Imp
  1824 | D:2      | Reached XP level 3. HP: 12/19 MP: 1/9
  1960 | D:2      | Learned a level 3 spell: Call Canine Familiar
  2743 | D:3      | Found a hide-covered altar of Uskayaw.
  2743 | D:3      | Noticed a +0 hand axe
  2744 | D:3      | Noticed a +0 hand axe
  2822 | D:3      | Reached XP level 4. HP: 13/24 MP: 4/11
  2916 | D:3      | Learned a level 3 spell: Summon Guardian Golem
  3244 | D:3      | Reached skill level 4 in Spellcasting
  3244 | D:3      | Reached skill level 1 in Hexes
  3244 | D:3      | Reached XP level 5. HP: 23/28 MP: 9/13
  4369 | D:4      | Found a staircase to the Ecumenical Temple.
  4378 | Temple   | Entered the Ecumenical Temple
  4573 | Temple   | Became a worshipper of Sif Muna the Loreminder
  4628 | D:4      | Reached XP level 6. HP: 31/32 MP: 5/14
  4637 | D:4      | Learned a level 4 spell: Summon Ice Beast
  4772 | D:4      | Reached skill level 1 in Ice Magic
  5035 | D:4      | Reached * piety under Sif Muna
  5671 | D:5      | Entered Level 5 of the Dungeon
  6413 | D:5      | Found a shadowy altar of Dithmenos.
  6416 | D:5      | Noticed an ice beast
  6494 | D:5      | Killed an ice beast
  6495 | D:5      | Reached XP level 7. HP: 24/36 MP: 2/15
  6914 | D:5      | Noticed Ijyb
  6924 | D:5      | Killed Ijyb
  7367 | D:6      | Found an iron altar of Okawaru.
  7367 | D:6      | Found a bloodstained altar of Trog.
  8212 | D:6      | Noticed a troll
  8221 | D:6      | Killed a troll
  8222 | D:6      | Reached skill level 1 in Fighting
  8263 | D:6      | Reached skill level 5 in Spellcasting
  8263 | D:6      | Reached XP level 8. HP: 23/43 MP: 15/17
  8280 | D:6      | Learned a level 4 spell: Summon Lightning Spire
  8488 | D:7      | Reached ** piety under Sif Muna
  8618 | D:7      | Reached skill level 5 in Ice Magic
  8775 | D:7      | Reached skill level 1 in Air Magic
  8813 | D:7      | Found an opulent altar of Gozag.
  8814 | D:7      | Found a sparkling altar of Nemelex Xobeh.
  9300 | D:7      | Found an ancient bone altar of Kikubaaqudgha.
  9770 | D:7      | Noticed Harold
  9792 | D:7      | Killed Harold
  9793 | D:7      | Reached skill level 5 in Stealth
  9793 | D:7      | Reached XP level 9. HP: 22/50 MP: 3/18
 10317 | D:8      | Noticed Psyche
 10334 | D:8      | Killed Psyche
 10335 | D:8      | Reached skill level 1 in Short Blades
 10335 | D:8      | Reached skill level 1 in Invocations
 11328 | D:9      | Found a blossoming altar of Fedhas.
 11585 | D:9      | Reached skill level 10 in Summonings
 12158 | D:9      | Reached *** piety under Sif Muna
 12545 | D:9      | Found a huge runed translucent gate.
 12545 | D:9      | Found a huge runed translucent gate.
 12545 | D:9      | Found a huge runed translucent gate.
 12545 | D:9      | Found a huge runed translucent gate.
 12545 | D:9      | Noticed a polar bear
 12546 | D:9      | Noticed a polar bear
 12546 | D:9      | Noticed a manticore
 12738 | D:10     | Entered Level 10 of the Dungeon
 13258 | D:10     | Reached XP level 10. HP: 56/56 MP: 14/19
 13411 | D:10     | Found a staircase to the Orcish Mines.
 13429 | D:10     | Found a staircase to the Lair.
 13953 | D:10     | Reached skill level 5 in Invocations
 14054 | D:10     | Noticed a gargoyle
 14063 | D:10     | Killed a gargoyle
 14064 | D:10     | Reached skill level 5 in Dodging
 14393 | D:10     | Noticed an elephant
 14411 | D:10     | Killed an elephant
 14414 | D:10     | Killed an unseen horror
 14537 | D:10     | Reached **** piety under Sif Muna
 14686 | D:11     | Noticed a seven-headed hydra
 14760 | Lair:1   | Entered Level 1 of the Lair of Beasts
 15227 | Lair:1   | Noticed Nergalle
 15228 | Lair:1   | Found a dark tunnel.
 15240 | Lair:1   | Killed Nergalle
 15321 | Lair:1   | Reached skill level 5 in Short Blades
 15453 | Lair:1   | Got a twitching silver ring
 15454 | Lair:1   | Identified the ring "Mimut" {rN+ Dex+6} (You found it on
                  | level 1 of the Lair of Beasts)
 15514 | Lair:1   | Got a masterwork dagger
 15519 | Lair:1   | Identified the cursed +1 dagger of the Four Lies {flame,
                  | rC+} (You found it on level 1 of the Lair of Beasts)
 15674 | Lair:1   | Noticed a black mamba
 15690 | Lair:1   | Killed a black mamba
 15860 | Lair:1   | Noticed a black mamba
 15867 | Lair:1   | Killed a black mamba
 16194 | Lair:1   | Noticed a black mamba
 16206 | Lair:1   | Killed a black mamba
 16320 | Lair:1   | Learned a level 2 spell: Slow
 16594 | Lair:2   | Noticed a torpor snail
 16598 | Lair:2   | Found a snail-covered altar of Cheibriados.
 16598 | Lair:2   | Noticed a torpor snail
 16598 | Lair:2   | Noticed a torpor snail
 16599 | Lair:2   | Killed a torpor snail
 16609 | Lair:2   | Killed a torpor snail
 16614 | Lair:2   | Killed a torpor snail
 16615 | Lair:2   | Reached skill level 10 in Stealth
 16615 | Lair:2   | Reached XP level 11. HP: 61/61 MP: 10/20
 16744 | Lair:2   | Reached skill level 1 in Shields
 17857 | Lair:2   | Found a staircase to the Swamp.
 18296 | Lair:2   | Noticed a five-headed hydra
 18310 | Lair:2   | Killed a five-headed hydra
 18466 | Lair:2   | Reached skill level 5 in Air Magic
 18829 | Lair:3   | Reached skill level 5 in Fighting
 20022 | Lair:3   | Found a staircase to the Snake Pit.
 20241 | Lair:4   | Noticed Kirke
 20443 | Lair:4   | Reached skill level 6 in Spellcasting
 20456 | Lair:4   | Noticed a death yak
 20530 | Lair:4   | Reached ***** piety under Sif Muna
 20534 | Lair:4   | Received a gift from Sif Muna
 20596 | Lair:4   | Reached XP level 12. HP: 56/69 MP: 20/23
 20883 | Lair:3   | Learned a level 5 spell: Summon Demon
 21040 | D:11     | Killed a seven-headed hydra
 21162 | D:11     | Noticed a tengu warrior
 21202 | D:11     | Killed a tengu warrior
 21571 | D:11     | Noticed Snorg
 22193 | D:12     | Noticed a two-headed ogre
 22206 | D:12     | Killed a two-headed ogre
 22366 | D:12     | Reached skill level 7 in Spellcasting
 22454 | D:12     | Noticed a boulder beetle
 22464 | D:12     | Killed a boulder beetle
 22680 | D:12     | Noticed Josephine
 22944 | D:12     | Noticed a boulder beetle
 22973 | D:12     | Killed a boulder beetle
 23627 | D:12     | Reached skill level 1 in Evocations
 23629 | D:12     | Killed Josephine
 24188 | Lair:4   | Identified Sif Muna's Handbook of the Glacial Voyage (Sif
                  | Muna gifted it to you on level 4 of the Lair of Beasts)
 24188 | Lair:4   | Received a gift from Sif Muna
 24445 | Lair:4   | Noticed a death yak
 24452 | Lair:4   | Noticed a death yak
 24452 | Lair:4   | Noticed a death yak
 24454 | Lair:4   | Noticed a death yak
 24455 | Lair:4   | Noticed a death yak
 24732 | Lair:4   | Learned a level 1 spell: Animate Skeleton
 24959 | Lair:5   | Noticed an eight-headed hydra
 24968 | Lair:5   | Killed an eight-headed hydra
 25080 | Lair:5   | Found a staircase to the Slime Pits.
 25082 | Lair:5   | Found a viscous altar of Jiyva.
 25150 | Lair:5   | Noticed a four-headed hydra
 25159 | Lair:5   | Killed a four-headed hydra
 25262 | Lair:5   | Reached skill level 1 in Necromancy
 25273 | Lair:5   | Reached XP level 13. HP: 41/75 MP: 2/25
 26000 | Lair:6   | Entered Level 6 of the Lair of Beasts
 27439 | Lair:4   | Noticed a sphinx
 27546 | Lair:4   | Noticed a sphinx
 27558 | Lair:4   | Killed Kirke
 27559 | Lair:4   | Reached skill level 10 in Dodging
 27559 | Lair:4   | Reached skill level 5 in Evocations
 27784 | Lair:4   | Reached skill level 8 in Spellcasting
 27874 | Lair:4   | Learned a level 3 spell: Ozocubu's Armour
 28080 | Orc:1    | Entered Level 1 of the Orcish Mines
 28087 | Orc:1    | Identified Sif Muna's Compendium of Earth and Feathers (Sif
                  | Muna gifted it to you on level 1 of the Orcish Mines)
 28087 | Orc:1    | Received a gift from Sif Muna
 28829 | Orc:2    | Entered Level 2 of the Orcish Mines
 28829 | Orc:2    | Noticed an orc warlord
 28953 | Orc:2    | Noticed a stone giant
 29094 | D:11     | Killed Snorg
 29295 | D:11     | Found a runed translucent door.
 29295 | D:11     | Found a runed translucent door.
 29712 | D:11     | Identified Sif Muna's Guide on Frigorific Dislocation (Sif
                  | Muna gifted it to you on level 11 of the Dungeon)
 29712 | D:11     | Received a gift from Sif Muna
 29911 | D:13     | Identified a scroll of acquirement
 30127 | D:13     | Found a shimmering altar of Xom.
 30615 | D:13     | Found a runed translucent door.
 30623 | D:13     | Noticed a storm dragon
 30680 | D:13     | Reached XP level 14. HP: 83/83 MP: 21/28
 30712 | D:13     | Found a gate to the Vaults.
 30712 | D:13     | Noticed an ironheart preserver
 30762 | D:13     | Killed an ironheart preserver
 30957 | D:14     | Reached XP level 15. HP: 88/88 MP: 29/29
 31682 | D:14     | Reached skill level 9 in Spellcasting
 31702 | D:14     | Learned a level 4 spell: Leda's Liquefaction
 31852 | D:14     | Reached skill level 1 in Earth Magic
 32071 | D:14     | Found the +8 arc blade {discharge, rElec}
 32115 | D:14     | Found Lacvu's Distillery.
 32126 | D:14     | Bought a potion of invisibility for 112 gold pieces
 32633 | D:15     | Entered Level 15 of the Dungeon
 32637 | D:15     | Reached skill level 10 in Spellcasting
 32664 | D:15     | Found a frozen archway.
 32686 | D:15     | Identified Sif Muna's Volume of Evil Execration (Sif Muna
                  | gifted it to you on level 15 of the Dungeon)
 32686 | D:15     | Received a gift from Sif Muna
 32723 | IceCv    | Entered an ice cave
 33505 | D:15     | Found a basalt altar of Yredelemnul.
 33598 | D:15     | Reached skill level 11 in Spellcasting
 33598 | D:15     | Reached skill level 5 in Earth Magic
 33606 | D:15     | Learned a level 5 spell: Borgnjor's Vile Clutch
 33745 | D:15     | Paralysed by a wizard for 3 turns
 33813 | D:15     | Noticed a storm dragon
 33814 | D:15     | Found a runed translucent gate.
 33814 | D:15     | Found a runed translucent gate.
 33816 | D:15     | Found a runed translucent gate.
 33825 | D:15     | Noticed TuffENuff's ghost (journeyman FoFi)
 34504 | D:15     | Found a staircase to the Depths.
 34994 | Lair:6   | Reached skill level 12 in Spellcasting
 35491 | Orc:2    | Found Xesogu Koasch's Gadget Shoppe.
 35664 | Orc:2    | Killed an orc warlord
 35778 | Orc:2    | Identified Sif Muna's Guide on Stolen Souls (Sif Muna
                  | gifted it to you on level 2 of the Orcish Mines)
 35778 | Orc:2    | Received a gift from Sif Muna
 36602 | Orc:2    | Found Sitrudgh's General Store.
 36602 | Orc:2    | Found a staircase to the Elven Halls.
 36602 | Orc:2    | Found Xeanar's Magic Scroll Shoppe.
 36602 | Orc:2    | Found Kerixt's Book Emporium.
 36706 | Orc:2    | Noticed an orc warlord
 36737 | Orc:2    | Killed an orc warlord
 36819 | Orc:2    | Found a bloodstained altar of Trog.
 36906 | Orc:2    | Reached XP level 16. HP: 90/95 MP: 30/34
 36994 | Swamp:1  | Entered Level 1 of the Swamp
 37006 | Swamp:1  | Learned a level 1 spell: Apportation
 37236 | Swamp:1  | Identified Sif Muna's Volume of Supportive Beguiling (Sif
                  | Muna gifted it to you on level 1 of the Swamp)
 37236 | Swamp:1  | Received a gift from Sif Muna
 37430 | Swamp:1  | Reached skill level 5 in Hexes
 38572 | Swamp:2  | Got a smoking ring mail
 38582 | Swamp:2  | Identified the +2 ring mail of Paffeeji {rN+ Str+8 Dex-5}
                  | (You found it on level 2 of the Swamp)
 39745 | Swamp:3  | Got a fading dagger
 39745 | Swamp:3  | Identified the +8 dagger "Ulo Lyeg" {vorpal, +Blink} (You
                  | found it on level 3 of the Swamp)
 39890 | D:10     | Learned a level 6 spell: Invisibility
 40600 | Swamp:3  | Reached skill level 10 in Hexes
 40605 | Swamp:3  | Reached skill level 13 in Spellcasting
 40877 | D:10     | Acquired an uncursed amulet of guardian spirit
 40972 | Elf:1    | Entered Level 1 of the Elven Halls
 41131 | Elf:1    | Received a gift from Sif Muna
 41963 | Elf:1    | Noticed Jorgrun
 41969 | Elf:1    | Killed Jorgrun
 42076 | Elf:2    | Found a huge runed translucent gate.
 42076 | Elf:2    | Found a huge runed translucent gate.
 42080 | Elf:2    | Found a huge runed translucent gate.
 42081 | Elf:2    | Found a huge runed translucent gate.
 42082 | Elf:2    | Found a huge runed translucent gate.
 42130 | Elf:2    | Noticed a deep elf blademaster
 42236 | Elf:2    | Reached skill level 10 in Fighting
 42269 | Elf:2    | Reached XP level 17. HP: 102/102 MP: 36/36
 42504 | Elf:2    | Reached skill level 1 in Translocations
 42517 | Elf:2    | Killed a deep elf blademaster
 42615 | Elf:2    | Reached skill level 14 in Spellcasting
 42621 | Elf:2    | Learned a level 5 spell: Summon Forest
 43259 | Elf:2    | Identified Keuch's Almanac of Vitriolic Dislocation (Sif
                  | Muna gifted it to you on level 2 of the Elven Halls)
 43259 | Elf:2    | Received a gift from Sif Muna
 43785 | Elf:2    | Found Cowarr's Magic Scroll Shoppe.
 43793 | Elf:2    | Bought a scroll of fog for 32 gold pieces
 43793 | Elf:2    | Bought a scroll of identify for 32 gold pieces
 43793 | Elf:2    | Bought a scroll of blinking for 120 gold pieces
 43912 | Elf:2    | Bought a scroll of acquirement for 832 gold pieces
 43912 | Elf:2    | Bought a scroll of acquirement for 832 gold pieces
 43912 | Elf:2    | Bought a scroll of teleportation for 48 gold pieces
 43939 | Elf:3    | Entered Level 3 of the Elven Halls
 43945 | Elf:3    | Found Iplushr Uklem's Assorted Antiques.
 43948 | Elf:3    | Found Noxaran's Antique Armour Boutique.
 43948 | Elf:3    | Found Suvori's General Store.
 43953 | Elf:3    | Bought a crude turquoise ring for 180 gold pieces
 43953 | Elf:3    | Identified the ring "Qetof" {Str+6 Int+3} (You bought it in
                  | a shop on level 3 of the Elven Halls)
 43957 | Elf:3    | Found Raeny's Antique Armour Shop.
 43980 | Elf:3    | Found Ujism's Magic Scroll Boutique.
 43983 | Elf:3    | Found Idah's Antique Weapon Boutique.
 43986 | Elf:3    | Bought a scroll of identify for 36 gold pieces
 43986 | Elf:3    | Bought a scroll of identify for 36 gold pieces
 43986 | Elf:3    | Bought a scroll of identify for 36 gold pieces
 44051 | Elf:3    | Reached skill level 10 in Short Blades
 44051 | Elf:3    | Found Zuufil's Armour Shop.
 44077 | Elf:3    | Bought a scroll of blinking for 270 gold pieces
 44292 | D:14     | Bought a potion of ambrosia for 112 gold pieces
 44292 | D:14     | Bought a potion of curing for 42 gold pieces
 44292 | D:14     | Bought a potion of heal wounds for 70 gold pieces
 44614 | D:6      | Found a sacrificial altar of Ru.
 44721 | D:7      | Found a radiant altar of Vehumet.
 44726 | D:7      | Found an ornate altar of the Wu Jian Council.
 45118 | D:13     | Reached skill level 5 in Translocations
 45158 | D:13     | Got a shimmering whip
 45158 | D:13     | Identified the +6 whip of Vemue {vorpal, rElec rPois Will+
                  | Dex-4} (You found it on level 13 of the Dungeon)
 45481 | D:15     | Reached skill level 15 in Spellcasting
 46023 | D:10     | Acquired a book of Geomancy
 46030 | D:10     | Acquired the ring "Coroxtih" {rF++ rN+ Stlth+}
 46099 | Snake:1  | Entered Level 1 of the Snake Pit
 46111 | Snake:1  | Found Desefa's Magic Scroll Boutique.
 46112 | Snake:1  | Found Lyqisy's Jewellery Emporium.
 46281 | Snake:1  | Noticed Aizul
 46296 | Snake:1  | Killed Aizul
 46313 | Snake:1  | Found Moluw's Antique Armour Boutique.
 46347 | Snake:1  | Bought a pair of embroidered gloves for 180 gold pieces
 46391 | Snake:1  | Found Kankac's Assorted Antiques.
 46452 | Snake:1  | Noticed Frances
 46492 | Snake:1  | Killed Frances
 46665 | Snake:1  | Noticed Agnes
 46672 | Snake:1  | Killed Agnes
 47177 | Snake:1  | Found a runed translucent door.
 47177 | Snake:1  | Noticed Ubuc's ghost (adept GrAK)
 47203 | Snake:1  | Found Yneinwiz's Magic Scroll Shoppe.
 47945 | Snake:2  | Received a gift from Sif Muna
 48713 | Snake:3  | Found Plog's Book Shop.
 48713 | Snake:3  | Found Ismijinoss's Antique Armour Boutique.
 48716 | Snake:3  | Found Tiriyqem's Weapon Shop.
 48728 | Snake:3  | Bought a distressingly furry leather armour for 294 gold
                  | pieces
 48728 | Snake:3  | Identified the +3 leather armour "Ucriomu" {Str+4} (You
                  | bought it in a shop on level 3 of the Snake Pit)
 48729 | Snake:3  | Bought a runed robe for 155 gold pieces
 48786 | Snake:3  | Noticed Roxanne
 48991 | Snake:3  | Killed Roxanne
 49028 | Snake:3  | Reached XP level 18. HP: 105/107 MP: 22/39
 49388 | Snake:3  | Noticed Asterion
 49412 | Snake:3  | Killed Asterion
 49607 | Snake:3  | Identified the Catalogue of Enthralling Unholy Rites
 49653 | Snake:3  | Found Ateukal's Distillery.
 49860 | Snake:3  | Noticed Nikola
 49981 | Snake:3  | Killed Nikola
 50359 | Elf:3    | Bought a runed robe for 107 gold pieces
 50602 | Snake:1  | Bought a runed robe for 88 gold pieces
 50794 | Swamp:4  | Entered Level 4 of the Swamp
 50988 | D:10     | Learned a level 6 spell: Shadow Creatures
 51981 | Swamp:4  | Gained mutation: [Your spells are a little easier to cast,
                  | but a little less powerful.] [mutagenic glow]
 52881 | Swamp:4  | Received a gift from Sif Muna
 53273 | Swamp:4  | Noticed the 27-headed Lernaean hydra
 53353 | Swamp:4  | Killed the 27-headed Lernaean hydra
 53477 | Swamp:4  | Reached skill level 15 in Summonings
 53500 | Swamp:4  | Got a decaying rune of Zot
 53802 | Snake:4  | Entered Level 4 of the Snake Pit
 54977 | Snake:4  | Found a hide-covered altar of Uskayaw.
 55371 | Snake:4  | Reached skill level 10 in Invocations
 55939 | Snake:4  | Found a runed translucent door.
 55947 | Snake:4  | Noticed Mesuenwa's ghost (adept DEWz)
 55956 | Snake:4  | Killed Mesuenwa's ghost
 56215 | Snake:4  | Identified Sif Muna's Grimoire of the Frigorific Compass
                  | (Sif Muna gifted it to you on level 4 of the Snake Pit)
 56215 | Snake:4  | Received a gift from Sif Muna
 57542 | Snake:4  | Reached skill level 10 in Evocations
 58834 | Snake:4  | Reached XP level 19. HP: 112/112 MP: 29/40
 59237 | Snake:4  | Reached skill level 10 in Translocations
 59451 | Snake:4  | Got a serpentine rune of Zot
 59544 | Snake:3  | Bought 2 potions of mutation for 336 gold pieces
 59690 | D:10     | Lost mutation: [Your spells are a little easier to cast,
                  | but a little less powerful.] [potion of mutation]
 59690 | D:10     | Gained mutation: You can translocate small distances at
                  | will. [potion of mutation]
 59690 | D:10     | Gained mutation: [You are weak. (Str -2)] [potion of
                  | mutation]
 59690 | D:10     | Gained mutation: You have large cloven feet. [potion of
                  | mutation]
 59691 | D:10     | Lost mutation: You have large cloven feet. [potion of
                  | mutation]
 59691 | D:10     | Lost mutation: [You are weak. (Str -2)] [potion of
                  | mutation]
 59691 | D:10     | Gained mutation: You have an increased reservoir of magic.
                  | (+10% MP) [potion of mutation]
 59691 | D:10     | Gained mutation: You have a somewhat thin skeletal
                  | structure. (Dex +2, Stealth) [potion of mutation]
 59723 | D:10     | Learned a level 7 spell: Malign Gateway
 59808 | Vaults:1 | Entered Level 1 of the Vaults
 59831 | Vaults:1 | Found a portal to a secret trove of treasure.
 60244 | Vaults:1 | Identified the ring "Geseufecw" {Wiz MP+9 Str+2}
 60252 | Vaults:1 | Identified Caiwnel's Almanac of Combat Magic (Sif Muna
                  | gifted it to you on level 1 of the Vaults)
 60252 | Vaults:1 | Received a gift from Sif Muna
 61303 | Vaults:1 | Found Amnenut's Jewellery Emporium.
 61905 | Vaults:1 | Identified the +8 hunting sling "Ogreslayer" {freeze,
                  | Str+4} (You found it on level 1 of the Vaults)
 62692 | Vaults:2 | Identified Baujit's Catalogue of the Snowflakes and
                  | Translocation (Sif Muna gifted it to you on level 2 of the
                  | Vaults)
 62692 | Vaults:2 | Received a gift from Sif Muna
 63826 | Vaults:2 | Noticed a bone dragon
 63828 | Vaults:2 | Found a staircase to the Crypt.
 63850 | Vaults:2 | Killed a bone dragon
 63852 | Vaults:2 | Killed a bone dragon
 64417 | Vaults:2 | Received a gift from Sif Muna
 65891 | Vaults:3 | Reached XP level 20. HP: 99/117 MP: 43/44
 66264 | Vaults:3 | Identified Fiel's Compendium of Creative Curses (Sif Muna
                  | gifted it to you on level 3 of the Vaults)
 66264 | Vaults:3 | Received a gift from Sif Muna
 66443 | Vaults:3 | Reached skill level 15 in Stealth
 66747 | Vaults:3 | Reached skill level 15 in Dodging
 67402 | Vaults:3 | Identified the +2 leather armour of the Game Afoot {Int+3}
                  | (You found it on level 3 of the Vaults)
 68264 | Vaults:3 | Identified Dispater's Tome of the Escort and Sinister
                  | Secrets (Sif Muna gifted it to you on level 3 of the
                  | Vaults)
 68264 | Vaults:3 | Received a gift from Sif Muna
 69409 | Vaults:4 | Found Pasun's Assorted Antiques.
 69888 | Vaults:4 | Reached skill level 10 in Necromancy
 70304 | Vaults:4 | Reached skill level 10 in Earth Magic
 71706 | Depths:1 | Entered Level 1 of the Depths
 71775 | Depths:1 | Found a one-way gate to the infinite horrors of the Abyss.
 72018 | Depths:1 | Identified Feruil's Compendium of Evil Magic (Sif Muna
                  | gifted it to you on level 1 of the Depths)
 72018 | Depths:1 | Received a gift from Sif Muna
 72769 | Depths:1 | Reached XP level 21. HP: 100/122 MP: 40/46
 72772 | Depths:1 | Noticed Margery
 72792 | Depths:1 | Killed Margery
 73297 | Depths:1 | Found a gateway to Hell.
 73337 | Depths:2 | Found an opulent altar of Gozag.
 73350 | Depths:2 | Reached skill level 16 in Spellcasting
 73354 | Depths:2 | Reached skill level 15 in Translocations
 73392 | D:15     | Learned a level 6 spell: Dispersal
 73983 | Depths:2 | Received a gift from Sif Muna
 74900 | Depths:2 | Noticed a golden dragon
 75011 | Depths:2 | Gained mutation: You are clumsy. (Dex -2) [mutagenic glow]
 75171 | Depths:3 | Found Lumuh's Book Shoppe.
 75171 | Depths:3 | Found Ximiv's Antique Armour Shoppe.
 75171 | Depths:3 | Found Ottih Qockaa's Gadget Shoppe.
 75172 | Depths:3 | Found Ytevusue's General Store.
 75190 | Depths:3 | Bought a potion of heal wounds for 60 gold pieces
 75190 | Depths:3 | Bought a potion of curing for 36 gold pieces
 75386 | Depths:3 | Found a one-way gate leading to the halls of Pandemonium.
 75625 | Depths:3 | You fall into a shaft and drop 2 floors!
 75625 | Depths:5 | Entered Level 5 of the Depths
 75691 | Depths:5 | Reached skill level 17 in Spellcasting
 76039 | Depths:5 | Noticed a caustic shrike
 76040 | Depths:5 | Noticed a caustic shrike
 76291 | Depths:5 | Learned a level 2 spell: Passwall
 76318 | Depths:5 | Noticed a caustic shrike
 76324 | Depths:5 | Killed a caustic shrike
 76338 | Depths:5 | Killed a caustic shrike
 76705 | Depths:5 | Killed a caustic shrike
 77198 | Depths:5 | Found a gate to the Realm of Zot.
 77218 | Depths:5 | Reached skill level 15 in Hexes
 77228 | Depths:5 | Received a gift from Sif Muna
 77647 | Depths:5 | Found a gateway to a ziggurat.
 77681 | Depths:5 | Reached skill level 18 in Spellcasting
 77691 | Depths:5 | Noticed Frederick
 77707 | Depths:5 | Killed Frederick
 77827 | Depths:5 | Found Hasellur's Jewellery Shop.
 77827 | Depths:5 | Found Mackir's Gadget Emporium.
 77828 | Depths:5 | Found Cooxuu's Gadget Emporium.
 78100 | Depths:4 | Reached XP level 22. HP: 127/127 MP: 51/51
 78268 | Depths:4 | Noticed a golden dragon
 78278 | Depths:4 | Killed a golden dragon
 79102 | Depths:4 | Reached skill level 19 in Spellcasting
 79692 | Depths:3 | Identified Sif Muna's Catalogue of Attacks and Beguiling
                  | (Sif Muna gifted it to you on level 3 of the Depths)
 79692 | Depths:3 | Received a gift from Sif Muna
 79931 | Depths:3 | Found Eliwofe's Gadget Emporium.
 80158 | Depths:2 | Noticed a golden dragon
 80184 | Depths:2 | Noticed a golden dragon
 80190 | Depths:2 | Killed a golden dragon
 80547 | Depths:2 | Noticed a caustic shrike
 80555 | Depths:2 | Killed a caustic shrike
 80560 | Depths:2 | Killed a caustic shrike
 80668 | Depths:2 | Found the +6 arbalest "Damnation" {damnation}
 80751 | Depths:2 | Killed a golden dragon
 80890 | Depths:2 | Found the +8 longbow "Zephyr" {speed, Dex+3 SInv}
 80954 | Depths:2 | Killed a golden dragon
 80955 | Depths:2 | Reached skill level 1 in Bows
 81259 | Depths:3 | Noticed a caustic shrike
 81387 | Depths:3 | Noticed a golden dragon
 81392 | Depths:3 | Killed a golden dragon
 81420 | Depths:3 | Reached skill level 20 in Spellcasting
 81605 | Depths:3 | Paralysed by a floating eye for 3 turns
 81872 | Depths:3 | Reached skill level 5 in Bows
 81900 | Depths:3 | Killed a caustic shrike
 82431 | Depths:4 | Identified Sif Muna's Guide on Poisonous Battle Magic (Sif
                  | Muna gifted it to you on level 4 of the Depths)
 82431 | Depths:4 | Received a gift from Sif Muna
 84102 | Depths:4 | Reached skill level 10 in Bows
 84111 | Depths:4 | Reached XP level 23. HP: 132/132 MP: 17/53
 84264 | Depths:3 | Bought 17 arrows for 40 gold pieces
 84435 | D:15     | Killed TuffENuff's ghost
 84847 | Depths:4 | Learned a level 3 spell: Portal Projectile
 85107 | Depths:4 | Identified the ring of Noudol {rN+ Str+3 Int+4}
 85312 | Depths:4 | Noticed a juggernaut
 85324 | Depths:4 | Killed a juggernaut
 85473 | Depths:4 | Noticed a caustic shrike
 85998 | Depths:4 | Identified the cursed -2 pair of gloves of the Bells {rF+
                  | Str+3} (You found it on level 4 of the Depths)
 86027 | Depths:4 | Identified the +0 robe of Lugonu's Approval {rC+ Str+3}
                  | (You found it on level 4 of the Depths)
 86360 | D:15     | Learned a level 7 spell: Haunt
 86363 | D:15     | Learned a level 2 spell: Swiftness
 86388 | D:14     | Bought a potion of ambrosia for 112 gold pieces
 86388 | D:14     | Bought a potion of haste for 140 gold pieces
 86687 | Snake:3  | Bought a potion of cancellation for 168 gold pieces
 86687 | Snake:3  | Bought a potion of cancellation for 168 gold pieces
 86749 | Snake:1  | Bought a scroll of teleportation for 54 gold pieces
 86749 | Snake:1  | Bought a scroll of summoning for 171 gold pieces
 86749 | Snake:1  | Bought a scroll of teleportation for 54 gold pieces
 87149 | Depths:1 | Voluntarily entered the Abyss.
 87149 | Abyss:1  | Found a corrupted altar of Lugonu.
 87171 | Abyss:2  | Found a hide-covered altar of Uskayaw.
 87328 | Abyss:3  | Gained mutation: You are very clumsy. (Dex -4) [mutagenic
                  | glow]
 87507 | Abyss:3  | Reached ****** piety under Sif Muna
 87781 | Abyss:4  | Found a corrupted altar of Lugonu.
 87819 | Abyss:4  | Found a corrupted altar of Lugonu.
 88364 | Depths:1 | Escaped the Abyss
 88652 | Depths:1 | Voluntarily entered the Abyss.
 88816 | Abyss:1  | Noticed an ancient lich
 89050 | Abyss:1  | Reached skill level 15 in Bows
 89933 | Abyss:2  | Found a corrupted altar of Lugonu.
 90132 | Abyss:2  | Found a corrupted altar of Lugonu.
 90749 | Abyss:3  | Found a burning altar of Makhleb.
 90771 | Abyss:3  | Identified the +8 fustibalus "Kixaulepiy" {venom, Dex+2}
                  | (You found it on level 3 of the Abyss)
 92354 | Abyss:3  | HP: 4/92 [large abomination (29)]
 92357 | Abyss:3  | Mangled by a large abomination

Illustrated notes

Levels and vault maps discovered:
D:1:      psy_arrival_radial01, layout_basic, minmay_pentomino_r2
D:2:      layout_rooms, kennysheep_flooded_box, minmay_rat_gold_closets
D:3:      layout_rooms, dancing_weapons_uskayaw
D:4:      layout_basic, minmay_temple_entry_trees, portal_sewer_entry_b
D:5:      layout_loops_ring, grunt_dithmenos_smoke_and_mirrors, uniq_ijyb
D:6:      cheibrodos_barr_body, layout_basic, grunt_temple_overflow_bloody_war,
          kennysheep_little_box
D:7:      layout_basic, grunt_temple_overflow_opulence, minitemple, uniq_harold
D:8:      layout_loops_ring, uniq_psyche
D:9:      lemuel_bear_cage, layout_cave_pools, fedhas_altar_2,
          hangedman_decor_growths, mrwooster_statue_mirror
D:10:     layout_basic, david_lair_generic, orc_0_dummy
D:11:     minmay_the_grid_four_pointed_star
          [minmay_the_grid_triangle_9x9_odd_lines,
          minmay_the_grid_triangle_9x9_tough_junction,
          minmay_the_grid_triangle_9x9_wacky_v,
          minmay_the_grid_triangle_9x9_negative_grid,
          minmay_the_grid_prize_big_room], layout_rooms, minmay_microvault,
          uniq_snorg
D:12:     layout_grid_maze, lemuel_nasty_fountain, uniq_josephine
D:13:     layout_big_octagon, skrybe_vaults_entry_preservation, drop_trap,
          minmay_st_funbox, brannock_xom_greatest_gift
D:14:     minmay_shoctagon, layout_long_grid, serial_co_window_serial,
          co_window_paths_a, co_window_of_opportunity_a, co_window_corner_a,
          co_window_paths_a, co_window_paths_a, co_window_2corner,
          co_window_of_opportunity_b, co_window_of_opportunity_b, co_window_sun,
          co_window_paths_d, glass_columns_b, glass_columns_a, glass_columns_b,
          glass_columns_a, glass_columns_a, serial_shops,
          nicolae_shop_statue_plus
D:15:     hangedman_depths_entry_civil_slaughter, layout_long_grid,
          gammafunk_ghost_split, minmay_misc_feat_cross, basic_altar,
          portal_ice_cave_entry_ice_beasts
Temple:   minmay_temple_curvy_loop
Lair:1:   layout_layer_cave, nicolae_volcano_entry_s_turn, serial_bayou_shore_a,
          uniq_nergalle
Lair:2:   layout_cave_pods, minmay_swamp_entry_swarm, kennysheep_snail_temple,
          serial_bayou_shore_b, grunt_megastairs_2
Lair:3:   layout_cave_pods, guppyfry_snake_entry_island, gauntlet_entry_generic
Lair:4:   layout_regular_city, grunt_forest_large_clearings, uniq_kirke
Lair:5:   layout_concentric_octagons, slime_altar_1, serial_bayou,
          serial_bayou_pond_b, serial_bayou_pond_c, serial_bayou_ford_a,
          serial_bayou_lake_a, serial_bayou_pond_c, serial_bayou_crossing,
          lemuel_fruit_fields
Lair:6:   grunt_lair_end_beastmaster, layout_gridlike,
          infiniplex_staircase_pool_2
Swamp:1:  layout_basic_swamp, hangedman_swamp_diagram, swamp_pool3
Swamp:2:  layout_basic_swamp, evilmike_swamp_ruin_house_3,
          infiniplex_staircase_pool
Swamp:3:  nzn_winding_woodlands_three_and_one
          [nzn_winding_woodlands_5x15_pathside_ponds,
          nzn_winding_woodlands_5x15_split_checker,
          nzn_winding_woodlands_5x15_lazy_stream,
          nzn_winding_woodlands_center_diamonds], layout_falls_marsh,
          nicolae_swamp_round_clearing, nzn_swamp_blast_mining
Swamp:4:  swamp_old_school, layout_basic_swamp
Snake:1:  layout_misc_corridors, ebering_ghost_inner_flame, serial_shops, shop,
          nicolae_shop_waterfront, nicolae_shop_overgrown_old_shop,
          nicolae_shop_statue_plus, nicolae_shop_stone, uniq_frances,
          uniq_aizul, uniq_agnes
Snake:2:  layout_misc_corridors, serial_bayou_pond_e, grunt_megastairs_3
Snake:3:  layout_chambers, serial_shops, shop, grunt_megastairs_4,
          serial_bayou_shore_b, minmay_shop_star, lemuel_fruit_tree,
          uniq_roxanne, uniq_nikola, uniq_asterion
Snake:4:  johnstein_snake_rune_scales, layout_chambers, basic_altar,
          ebering_ghost_reflecting_pool
Orc:1:    layout_diamond_mine, roderic_batcave, guppyfry_library_mini
Orc:2:    st_orc_open, layout_caves, trog_book
Elf:1:    layout_loops_corners, minivault_28, uniq_jorgrun
Elf:2:    layout_rooms, serial_shops, shop
Elf:3:    minmay_elf_hall_furrowed, layout_loops_corners, serial_shops, shop,
          shop, shop, minmay_shoptagon
Vaults:1: v_misc_22, dpeg_vaults_monster_box, ontoclasm_vaults_ligature,
          ontoclasm_vaults_shuriken, nicolae_vaults_border_crossing,
          layout_vaults_omnigrid, serial_shops, shop,
          nicolae_trove_entry_diagonal
Vaults:2: v_misc_5, hangedman_vaults_corner, hangedman_vaults_stagger,
          vaults_room_hallway, vaults_dpeg_cross, v_alt_pattern_2,
          vaults_mumra_hexcomb, v_misc_8, serial_ice_h,
          nicolae_vaults_windows_and_doors_thing, v_misc_13, layout_vaults_ring,
          minmay_crypt_entry_nasty_monster
Vaults:3: hangedman_vaults_stream, grunt_vaults_diagonal, v_pattern_3,
          nicolae_vaults_quartermaster, nicolae_vaults_circle_grid_b,
          vaults_room_boxed, ontoclasm_vaults_hangar,
          nicolae_vaults_three_branches, nicolae_vaults_rhombus_5,
          nicolae_vaults_asterisk, hangedman_vaults_stretched_pinwheel,
          nicolae_vaults_diagonal_hallway_9, v_misc_32,
          vaults_room_grunt_arrival_ludios, layout_vaults_maze_snakey
Vaults:4: nicolae_vaults_big_ls, ontoclasm_vaults_claustrophobia,
          vaults_dpeg_ring, vaults_mumra_lcd, nicolae_vaults_little_squares_2,
          v_misc_9, grunt_vaults_hallway_short, grunt_vaults_funnel,
          serial_ice_h, layout_vaults_chaotic_city, serial_shops,
          nicolae_shop_overgrown_old_shop
Depths:1: layout_basic, grunt_metal_band, hangedman_decor_opposing, abyss_entry,
          st_stairs_5, lemuel_nasty_fountain, firewood_loft
Depths:2: kennysheep_spiral_hall, layout_cave_pools, basic_altar, hell_entry,
          minmay_multi_spiral
Depths:3: minmay_bad_star, layout_gridlike, rand_demon_pan_entry_1,
          serial_shops, shop, hell_entry, minmay_shop_grid_forest,
          infiniplex_staircase_x
Depths:4: box_level_dp, abyss_entry, hell_entry
Depths:5: grunt_zot_entry_funnels, layout_gridlike, enter_ziggurat_e,
          chequers_serial_rivers_marsh, hell_entry, minmay_shop_grove,
          uniq_frederick
Abyss:3:  base: Lair:4, hangedman_classic_abyss_death,
          dshaligram_kb_abyss_rune_zappy_water_cross, patterned_corridor,
          patterned_corridor, bh_abyss_negative,
          evilmike_abyss_rune_siren_acolytes, bh_abyss_negative, base: Vaults:4,
          evilmike_abyss_exit_7, hangedman_abyss_or_decor_clamps, minivault_20,
          evilmike_abyss_exit_mutagenic, grunt_abyss_rune_forest_and_sorcery,
          hangedman_relentless_pull,
          evilmike_nicolae_abyss_rune_containment_curve, base: Lair:1,
          hangedman_relentless_pull, evilmike_abyss_exit_9, abyss_greek_temple,
          evilmike_abyss_rune_ettins

Skill      XL: |  1  2  3  4  5  6  7  8  9 10 11 12 13 14 15 16 17 18 19 20 21 22 23 |
---------------+----------------------------------------------------------------------+-----
Summonings     | 5 6 7 8 9 10 11 12 13 14 15 | 15.0
Spellcasting   | 4 5 6 7 8 12 13 15 18 20 | 20.0
Hexes          | 1 3 4 11 12 13 15 | 15.0
Ice Magic      | 3 4 5 6 |  6.0
Fighting       | 1 3 4 5 6 7 8 10 | 10.0
Stealth        | 3 5 7 10 11 12 14 15 | 15.0
Air Magic      | 4 5 |  5.0
Short Blades   | 3 5 7 8 9 10 11 12 | 12.0
Invocations    | 4 5 7 8 10 12 | 12.0
Dodging        | 3 6 8 9 10 11 12 14 15 | 15.0
Shields        | 4 |  4.0
Evocations     | 3 5 6 10 12 | 12.0
Necromancy     | 1 3 8 10 12 | 12.0
Earth Magic    | 7 8 10 | 10.0
Translocations | 5 9 13 14 15 | 15.0
Bows           | 10 17 | 17.5

Action                   |  1- 3 |  4- 6 |  7- 9 | 10-12 | 13-15 | 16-18 | 19-21 | 22-24 || total
-------------------------+-------+-------+-------+-------+-------+-------+-------+-------++-------
Melee: Unarmed           |    10 |       |       |       |       |       |       |       ||    10
       Club              |     8 |       |       |       |       |       |       |       ||     8
       Short sword       |    25 |       |       |       |    40 |       |       |       ||    65
       Whip              |     8 |       |       |       |       |    24 |     9 |    38 ||    79
       Dagger            |    33 |   130 |   211 |   623 |   588 |   665 |   409 |   159 ||  2818
       Trident           |       |       |     1 |     1 |       |       |       |       ||     2
       Rapier            |       |       |       |       |   267 |   352 |   524 |   646 ||  1789
 Fire: Hunting sling     |     6 |       |       |       |       |       |       |       ||     6
       Longbow           |       |       |       |       |       |       |       |   114 ||   114
Throw: Dart              |       |       |    23 |    14 |    14 |    10 |       |     1 ||    62
 Cast: Summon Small Mamm |    33 |    12 |     4 |       |       |       |       |       ||    49
       Call Imp          |    17 |    34 |     8 |     4 |     3 |    23 |       |       ||    89
       Call Canine Famil |       |    10 |    19 |    33 |    38 |    12 |       |       ||   112
       Summon Ice Beast  |       |     4 |    25 |   110 |    64 |    28 |       |       ||   231
       Summon Guardian G |       |     2 |     3 |     3 |     5 |     6 |     1 |       ||    20
       Summon Lightning  |       |       |    17 |    66 |    82 |   116 |    51 |    44 ||   376
       Slow              |       |       |       |    21 |    55 |    41 |    12 |     8 ||   137
       Summon Demon      |       |       |       |     4 |    30 |    34 |    18 |     6 ||    92
       Animate Skeleton  |       |       |       |       |    33 |    18 |    18 |     6 ||    75
       Ozocubu's Armour  |       |       |       |       |     4 |     9 |     3 |     2 ||    18
       Borgnjor's Vile C |       |       |       |       |    18 |   149 |   112 |   150 ||   429
       Leda's Liquefacti |       |       |       |       |     4 |     4 |       |       ||     8
       Apportation       |       |       |       |       |       |    26 |    22 |    35 ||    83
       Invisibility      |       |       |       |       |       |    47 |    90 |    45 ||   182
       Summon Forest     |       |       |       |       |       |     8 |     6 |     3 ||    17
       Shadow Creatures  |       |       |       |       |       |    66 |    88 |    73 ||   227
       Malign Gateway    |       |       |       |       |       |       |    42 |    30 ||    72
       Passwall          |       |       |       |       |       |       |     3 |     2 ||     5
       Haunt             |       |       |       |       |       |       |       |    36 ||    36
       Portal Projectile |       |       |       |       |       |       |       |    17 ||    17
       Dispersal         |       |       |       |       |       |       |       |     3 ||     3
       Swiftness         |       |       |       |       |       |       |       |     1 ||     1
Invok: Channel Magic     |       |       |       |     1 |       |     4 |     6 |       ||    11
 Abil: Evoke Flight      |       |       |       |       |       |    67 |       |       ||    67
       Stop Flying       |       |       |       |       |       |    28 |       |       ||    28
       Evoke Blink       |       |       |       |       |       |     9 |       |     5 ||    14
Evoke: Wand              |       |       |     4 |       |     2 |     7 |     4 |     4 ||    21
       Condenser vane    |       |       |     1 |       |       |     1 |       |       ||     2
       Lightning rod     |       |       |       |       |       |     1 |     4 |       ||     5
  Use: Scroll            |     4 |     4 |     8 |    15 |    17 |    23 |    13 |    20 ||   104
       Potion            |       |     1 |       |     2 |     3 |     9 |     9 |    16 ||    40
 Stab: Sleeping          |     4 |     2 |     9 |    23 |    35 |    49 |   106 |    24 ||   252
       Distracted        |       |     1 |     3 |    23 |    34 |    25 |     7 |     9 ||   102
       Petrifying        |       |       |       |       |     2 |       |       |       ||     2
       Petrified         |       |       |       |       |     2 |       |       |       ||     2
       Invisible         |       |       |       |       |     1 |   102 |   168 |    86 ||   357
       Paralysed         |       |       |       |       |       |     1 |       |       ||     1
Armor: Robe              |    30 |    17 |    61 |    57 |       |       |    61 |       ||   226
       Skin              |       |    11 |       |       |       |       |       |       ||    11
       Leather armour    |       |       |       |    56 |    57 |       |       |       ||   113
       Troll leather arm |       |       |       |       |   137 |    79 |       |       ||   216
       Swamp dragon scal |       |       |       |       |       |   153 |     4 |       ||   157
       Quicksilver drago |       |       |       |       |       |       |    20 |   239 ||   259
Dodge: Dodged            |    82 |    78 |   170 |   461 |   519 |   561 |   521 |   701 ||  3093
Block: Buckler           |       |       |       |   129 |   162 |   228 |   177 |    88 ||   784
